 Dungeon Crawl Stone Soup version 0.28-a0-1624-g820543e53a (webtiles) character file.

Game seed: 16286680066108780732

32 dolemite99 the Poker (level 3, -5/29 HPs)
             Began as a Demonspawn Fighter on Jan 24, 2022.
             Slain by Sigmund (10 damage)
             ... on level 2 of the Dungeon.
             The game lasted 00:01:34 (725 turns).

dolemite99 the Poker (Demonspawn Fighter)            Turns: 725, Time: 00:01:34

Health: -5/29      AC:  6    Str: 18    XL:     3   Next: 8%
Magic:  3/3        EV:  9    Int:  9    God:
Gold:   37         SH:  0    Dex: 14    Spells: 2/2 levels left

rFire   + . .      SeeInvis .   a - +0 trident
rCold   + . .      Faith    .   c - +0 buckler
rNeg    . . .      Spirit   .   b - +0 scale mail
rPois   +          Reflect  .   (no helmet)
rElec   +          Harm     .   (no cloak)
rCorr   +          Rampage  .   (no gloves)
Will    .....                   (no boots)
Stlth   ..........              (no amulet)
HPRegen 0.09/turn               (no ring)
MPRegen 0.08/turn               (no ring)

@: confused, mighty, resistant
A: thin skeletal structure 1
a: no special abilities


You were on level 2 of the Dungeon.
You visited 1 branch of the dungeon, and saw 2 of its levels.

You collected 37 gold pieces.

Inventory:

Hand Weapons
 a - a +0 trident (weapon)
Missiles
 i - 22 arrows
Armour
 b - a +0 scale mail (worn)
 c - a +0 buckler (worn)
Scrolls
 j - a scroll of silence {unknown}


   Skills:
 - Level 3.0 Fighting
 + Level 3.2 Polearms
 - Level 2.6 Armour
 - Level 2.6 Shields


You had 2 spell levels left.
You didn't know any spells.
Your spell library was empty.

Dungeon Overview and Level Annotations

Branches:
Dungeon (2/15)

Altars:

Annotations:
D:2 Sigmund


Innate Abilities, Weirdness & Mutations

You have a somewhat thin skeletal structure. (Dex +2, Stealth+)


Message History

Found a ring mail.
Sigmund shouts!
You feel very mighty all of a sudden.
Sigmund drinks a potion.
Sigmund's spells are empowered!
There is a stone staircase leading down here.
Sigmund casts a spell at you. The magic dart hits you.
You puncture Sigmund!
Sigmund is moderately wounded.
Sigmund casts a spell at you. The magic dart hits you!
Sigmund points at you and mumbles some strange words.
You are confused.
You hit Sigmund.
Sigmund is moderately wounded.
Sigmund hits you but does no damage.
You barely miss Sigmund.
Sigmund is moderately wounded.
Sigmund closely misses you.
You hit Sigmund.
Sigmund is heavily wounded.
It was a potion of resistance.
You feel protected. Sigmund hits you with a +0 scythe!
* * * LOW HITPOINT WARNING * * *
It was a potion of ambrosia.
You are more confused.
You feel invigorated.
Sigmund casts a spell.
Sigmund flickers and vanishes!
Deactivating autopickup; reactivate with Ctrl-A.
It was a potion of curing.
You feel better.
You feel less invigorated.
You hear some strange, mumbled words.
You are confused.
Something hits you!
You closely miss something.
Found 2 potions of might.
Something hits you!
* * * LOW HITPOINT WARNING * * *
Something hits you!
You die...

##### #...# # #...# .#
###...####.#
....!...... ##..##..##
......#
##........###....^.#
#..@.......##......#
#..................#
##...{.>..#........#
#....(...#........
#..!.(.....)...#####
...[.......†.†.......
...#........#.)<......
...##..##..####.#.....
.. ...# #.## #.# ....


There were no monsters in sight!

Vanquished Creatures
  An adder (D:2)
  A worm (D:2)
  A dart slug (D:1)
  3 ball pythons
  2 bats
  An endoplasm (D:1)
  4 goblins
  A hobgoblin (D:1)
  4 frilled lizards
18 creatures vanquished.

Notes
Turn   | Place    | Note
-------+----------+-------------------------------------------
     0 | D:1      | dolemite99 the Demonspawn Fighter began the quest for the
                  | Orb.
     0 | D:1      | Reached XP level 1. HP: 18/18 MP: 1/1
   456 | D:1      | Gained mutation: You have a somewhat thin skeletal
                  | structure. (Dex +2, Stealth+) [demonic ancestry]
   456 | D:1      | Reached XP level 2. HP: 24/24 MP: 2/2
   694 | D:2      | Reached XP level 3. HP: 25/29 MP: 3/3
   709 | D:2      | Noticed Sigmund
   725 | D:2      | Slain by Sigmund

Illustrated notes

Levels and vault maps discovered:
D:1:      enne_arrival_octagon_isle, layout_rooms, minmay_misc_feat_cross,
          lemuel_old_faithful
D:2:      layout_basic, chequers_serial_rivers_micro_d, st_stairs_5,
          uniq_sigmund

Skill      XL: |  1  2 |
---------------+-------+-----
Polearms       | 2 3 |  3.2
Fighting       | |  3.0
Armour         | |  2.6
Shields        | |  2.6

Action                   || total
-------------------------++-------
Melee: Trident           ||    54
Throw: Dart              ||     2
  Use: Potion            ||     4
Armor: Scale mail        ||    22
Dodge: Dodged            ||    36
Block: Buckler           ||     6

Table legend: (Time is in decaauts)
 A = Elapsed time spent in this place.
 B = Non-inter-level travel time spent in this place.
 C = Inter-level travel time spent in this place.
 D = Time resting spent in this place.
 E = Time spent auto-exploring this place.
 F = Levels seen in this place.
 G = Mean time per level.
                   A        B        C        D        E       F      G
               +--------+--------+--------+--------+--------+-----+--------+
         Total |    737 |    719 |     18 |    157 |    398 |   2 |  368.5 |
       Dungeon |    737 |    719 |     18 |    157 |    398 |   2 |  368.5 |
               +--------+--------+--------+--------+--------+-----+--------+

Top non-repeatable levels by time:
     D:1: 675 daAuts
     D:2: 62 daAuts
